Map: Eternal Empire LE

Players

PiLiPiLi - Winner!

  • Race: Protoss Protoss
  • League: Grandmaster
  • Spawn Location: 7:00

A.I. 2 (Medium)

  • Race: Terran Terran
  • Spawn Location: 1:00

VOD

Have the link to the VOD?

Description

Time

  • Played on: Aug. 26, 2020, 10:24 p.m.
  • Length: 7:39
Show
View Real Time Build Order
Export as new Build Order

PiLiPiLi Protoss - Winner!

Build Orders: Zealot Archon, Archon Drop, Dark Templar Rush 

Get SALT Encoding   

  12  0:00  Probe  
  13  0:12  Probe  
  14  0:19  Pylon  
  14  0:24  Probe (Chrono Boost)  
  15  0:37  Probe (Chrono Boost), Gateway  
  16  0:45  Probe (Chrono Boost)  
  16  0:46  Assimilator  
  17  0:51  Probe  
  17  0:54  Assimilator  
  18  1:03  Probe  
  19  1:09  Gateway  
  19  1:16  Probe  
  20  1:26  Cybernetics Core  
  20  1:28  Probe  
  21  1:40  Probe  
  21  1:42  Pylon  
  22  1:52  Probe  
  23  2:00  Warp Gate (Chrono Boost)  
  23  2:02  Stalker, Zealot  
  23  2:04  Probe  
  28  2:11  Shield Battery  
  28  2:20  Pylon  
  28  2:25  Robotics Facility  
  28  2:40  Probe  
  29  2:45  Twilight Council  
  29  2:52  Probe  
  30  3:04  Probe  
  31  3:09  Nexus  
  31  3:17  Observer (Chrono Boost)  
  32  3:22  Dark Shrine  
  32  3:33  Warp Prism  
  32  3:39  Probe  
  35  3:45  Pylon  
  35  3:52  Stalker  
  37  4:01  Probe  
  38  4:13  Probe  
  38  4:16  Shield Battery  
  39  4:22  Probe  
  41  4:35  Immortal  
  41  4:37  Dark Templar x2  
  48  4:39  Probe  
  48  4:42  Probe  
  50  4:51  Charge (Chrono Boost)  
  50  5:04  Probe x2  
  52  5:08  Gateway  
  52  5:09  Gateway  
  52  5:10  Archon  
  52  5:16  Probe  
  52  5:20  Gateway  
  53  5:22  Gateway  
  53  5:29  Probe  
  53  5:30  Probe  
  55  5:38  Immortal (Chrono Boost)  
  59  5:46  Pylon  
  59  5:48  Gateway  
  59  5:53  Gateway  
  59  5:55  Pylon  
  59  6:03  Dark Templar  
  61  6:05  Dark Templar  
  61  6:09  Archon, Zealot x2  
  67  6:13  Dark Templar  
  67  6:15  Zealot  
  67  6:16  Zealot  
  67  6:24  Zealot  
  67  6:25  Zealot  
  71  6:46  Zealot  
  71  6:47  Zealot x2  
  77  6:50  Pylon  
  77  6:53  Pylon  
Show
View Real Time Build Order
Export as new Build Order

A.I. 2 (Medium) Terran 

Build Orders:  

Get SALT Encoding   

  12  0:00  SCV  
  13  0:13  SCV  
  14  0:19  Supply Depot  
  14  0:25  SCV  
  15  0:40  SCV  
  15  0:42  Barracks  
  16  0:51  Refinery  
  16  0:52  SCV  
  17  1:04  SCV  
  18  1:17  Supply Depot  
  18  1:30  Orbital Command  
  18  1:31  Marine  
  19  1:35  Barracks  
  19  1:44  Refinery  
  19  1:50  Barracks Tech Lab  
  19  2:08  Marine  
  20  2:12  Supply Depot  
  20  2:25  Marine  
  20  2:27  Marine  
  22  2:33  SCV  
  25  2:44  Marauder  
  25  2:45  SCV, Marine  
  25  2:47  Engineering Bay  
  27  2:57  SCV  
  28  2:59  Supply Depot  
  28  3:03  Marine  
  28  3:05  Marine  
  30  3:09  SCV  
  31  3:20  Marine  
  31  3:22  SCV  
  31  3:23  Marauder  
  35  3:34  SCV  
  36  4:35  SCV  
  36  4:54  Marine  
  36  4:59  Barracks Tech Lab, SCV  
  31  5:01  Factory  
  31  5:05  Factory  
  31  5:08  Missile Turret  
  31  5:09  Missile Turret  
  31  5:11  SCV, Supply Depot  
  31  5:12  Marine  
  33  5:17  Sensor Tower, Marine  
  33  5:18  Barracks  
  29  5:29  Marine  
  30  5:35  Bunker  
  30  5:36  Marauder  
  32  5:47  Armory  
  32  5:48  Marauder  
  34  5:50  Starport, Factory Tech Lab x2  
  34  5:57  Marine  
  35  6:06  Barracks Reactor, Command Center  
  35  6:09  Reaper  
  36  6:15  Marine  
  37  6:26  Starport Tech Lab  
  37  6:32  Marine  
  38  6:41  Marine  
  38  6:46  Raven  
  41  6:51  Supply Depot, Marauder  
  41  6:54  Hellion  
  38  7:00  Marine  
  33  7:07  Marine  
  17  7:10  SCV  
  17  7:15  Hellion  
  11  7:22  SCV  
Tags
 
Add a new tag
Caveats
  • Supply blocks, unpowered buildings, or Contaminate may cause inaccurate times.
  • Supply counts are checked every 10 seconds.